 Dungeon Crawl Stone Soup version 0.19-a0-1498-g0b85ae9 (webtiles) character file.

245 4thArraOfDagon the Chopper (level 5, -5/70 HPs)
             Began as a Minotaur Berserker on Sept 10, 2016.
             Was a Follower of Trog.
             Slain by ThereIsNoGod's ghost (11 damage)
             ... while paralysed
             ... on level 5 of the Dungeon.
             The game lasted 00:02:04 (486 turns).

4thArraOfDagon the Chopper (Minotaur Berserker)      Turns: 486, Time: 00:02:04

Health: -5/70      AC: 22    Str: 23    XL:     5   Next: 84%
Magic:  4/4        EV:  2    Int:  4    God:    Trog [*.....]
Gold:   30         SH:  0    Dex:  9    Spells: 0 memorised, 4 levels left

rFire  . . .     SeeInvis .     a - +0 hand axe
rCold  . . .     Gourm    .     (armour currently unavailable)
rNeg   + + +     Faith    .     (no shield)
rPois  +         Spirit   .     (helmet currently unavailable)
rElec  .         Dismiss  .     (cloak currently unavailable)
rCorr  .         Reflect  .     (gloves currently unavailable)
MR     .....     Harm     .     (boots currently unavailable)
Stlth  +......... NoTele   +    (no amulet)
                                (no ring)
                                (no ring)

@: paralysed, exhausted, tree-form, slowed
A: (retaliatory headbutt), (horns 0)
a: Berserk, Burn Spellbooks, Renounce Religion


You were on level 5 of the Dungeon.
You worshipped Trog.
Trog was aware of your devotion.
You were near starving.
You were a tree.
You visited 1 branch of the dungeon, and saw 5 of its levels.

You collected 30 gold pieces.

Inventory:

Hand Weapons
 a - a +0 hand axe (weapon)
Armour
 b - a +0 animal skin
 e - a +0 chain mail (melded)
Wands
 i - a wand of paralysis (15/24)
 l - a wand of slowing (6/48)
Scrolls
 h - 2 scrolls of magic mapping {unknown}
 k - a scroll of identify {unknown}
Potions
 d - a potion of lignification
 f - 2 potions of invisibility {unknown}
Comestibles
 c - a bread ration
 g - a chunk of flesh
 j - a meat ration


   Skills:
 + Level 4.8 Fighting
 * Level 6.2 Axes
 + Level 4.3 Armour
 - Level 2.1 Dodging


You had 4 spell levels left.
You didn't know any spells.

Dungeon Overview and Level Annotations

Branches:
Dungeon (5/15)
 Temple: D:4-7

Altars:

Annotations:
D:5 ThereIsNoGod's ghost, novice MiGl


Innate Abilities, Weirdness & Mutations

((You reflexively headbutt those who attack you in melee.))
((You have a pair of horns on your head.))


Message History

You are feeling very hungry.
You hit ThereIsNoGod's ghost but do no damage.
ThereIsNoGod's ghost is almost destroyed.
ThereIsNoGod's ghost hits you but does no damage.
You hit ThereIsNoGod's ghost.
ThereIsNoGod's ghost is almost destroyed.
ThereIsNoGod's ghost barely misses you.
You hit ThereIsNoGod's ghost.
ThereIsNoGod's ghost is almost destroyed.
You hit ThereIsNoGod's ghost but do no damage.
ThereIsNoGod's ghost is almost destroyed.
You are no longer berserk.
You pass out from exhaustion.
You feel yourself slow down.
You are near starving!
ThereIsNoGod's ghost hits you!
* * * LOW HITPOINT WARNING * * *
ThereIsNoGod's ghost hits you but does no damage.
ThereIsNoGod's ghost hits you!
You die...

..+ ...#
.... #..
####.#####
#........#
#........#
#.♣†.....#
#..W.....#
####.#####
#.# #.#
######'####
#.........#
#.........#
#.........#
####


You could see ThereIsNoGod's ghost.

Vanquished Creatures
  A scorpion (D:5)
  A crimson imp (D:5)
  3 hounds
  An iguana (D:5)
  Jessica (D:3)
  A shadow imp (D:5)
  A worm (D:5)
  2 giant geckos (D:5)
  2 goblins
  A hobgoblin (D:3)
  A quokka (D:2)
  A ball python (D:4)
16 creatures vanquished.

Notes
Turn   | Place    | Note
-------+----------+-------------------------------------------
     0 | D:1      | 4thArraOfDagon the Minotaur Berserker began the quest for the Orb.
     0 | D:1      | Reached XP level 1. HP: 19/19 MP: 0/0
   138 | D:3      | You fall through a shaft!
   149 | D:3      | Noticed Jessica
   155 | D:3      | Killed Jessica
   155 | D:3      | Reached skill level 4 in Axes
   155 | D:3      | Reached XP level 2. HP: 17/27 MP: 1/1
   155 | D:3      | Reached XP level 3. HP: 21/33 MP: 2/2
   196 | D:5      | Entered Level 5 of the Dungeon
   227 | D:5      | Reached skill level 5 in Axes
   227 | D:5      | Reached XP level 4. HP: 25/40 MP: 3/3
   253 | D:5      | Noticed a phantom
   285 | D:5      | Reached XP level 5. HP: 43/47 MP: 4/4
   323 | D:5      | Noticed ThereIsNoGod's ghost (novice MiGl)
   474 | D:5      | Reached skill level 6 in Axes
   486 | D:5      | Slain by ThereIsNoGod's ghost

Vault maps used:
D:1:      matt_arrival_refuge
D:2:      kennysheep_generic_room_7
D:3:      first_bread, minmay_misc_feat_more_columns, uniq_jessica
D:5:      kennysheep_six_static_rooms

Skill      XL: |  1  2  3  4  5 |
---------------+----------------+-----
Axes           | 4 5 6 |  6.2
Armour         | 3 4 |  4.3
Fighting       | 4 |  4.8
Dodging        | |  2.1

Action                   |  1- 3 |  4- 6 || total
-------------------------+-------+-------++-------
Melee: Hand axe          |    22 |    24 ||    46
       Headbutt          |     3 |     1 ||     4
Invok: Berserk           |     2 |     2 ||     4
  Use: Potion            |       |     1 ||     1
  Eat: Chunk             |       |     1 ||     1
Armor: Animal skin       |     2 |       ||     2
       Chain mail        |     3 |     4 ||     7
       Skin              |       |    13 ||    13
Dodge: Dodged            |    13 |    12 ||    25
